 Dungeon Crawl Stone Soup version 0.18.1-48-g4cf74bf (webtiles) character file.

44 Gargoyl the Skirmisher (level 3, 0/29 HPs)
             Began as a Demonspawn Abyssal Knight on Sept 1, 2016.
             Was a Follower of Lugonu.
             Slain by a gnoll
             ... wielding a +0 whip
              (3 damage)
             ... on level 3 of the Dungeon.
             The game lasted 00:03:05 (1468 turns).

Gargoyl the Skirmisher (Demonspawn Abyssal Knight)  Turns: 1468, Time: 00:03:05

Health: 0/29       AC:  8    Str: 13    XL:     3   Next: 41%
Magic:  4/4        EV: 11    Int: 13    God:    Lugonu [*.....]
Gold:   73         SH:  0    Dex: 17    Spells: 0 memorised, 2 levels left

rFire  . . .     SeeInvis +     a - +1 hand axe
rCold  . . .     Gourm    .     l - +0 chain mail
rNeg   . . .     Faith    .     (no shield)
rPois  .         Spirit   .     (no helmet)
rElec  .         Dismiss  .     (no cloak)
rCorr  .         Reflect  .     (no gloves)
SustAt .         Harm     .     (no boots)
MR     .....                    (no amulet)
Stlth  +.........               (no ring)
                                h - ring of see invisible

@: agile, flying, not resistant to hostile enchantments, very unstealthy
A: nightstalker 1, powered by death 1
a: Depart the Abyss, Renounce Religion


You were on level 3 of the Dungeon.
You worshipped Lugonu.
Lugonu was aware of your devotion.
You were not hungry.

You visited 1 branch of the dungeon, and saw 3 of its levels.
You visited the Abyss 1 time.

You collected 73 gold pieces.

Inventory:

Hand Weapons
 a - a +1 hand axe (weapon)
Armour
 l - a +0 chain mail (worn)
Jewellery
 h - a ring of see invisible (left hand)
Scrolls
 b - 2 scrolls of identify {unknown}
 e - a scroll of remove curse {unknown}
 g - a scroll of teleportation {unknown}
 i - a scroll of enchant armour {unknown}
 j - a scroll of enchant weapon {unknown}
Potions
 f - a potion of curing {unknown}
 m - a potion of agility
Comestibles
 c - a bread ration
 d - a meat ration


   Skills:
 + Level 3.5 Fighting
 + Level 2.3 Axes
 * Level 2.4 Armour
 + Level 1.0 Dodging
 + Level 0.4 Stealth
 + Level 2.4 Invocations


You had 2 spell levels left.
You didn't know any spells.

Dungeon Overview and Level Annotations

Branches:
Dungeon (3/15)

Altars:
The Shining One


Innate Abilities, Weirdness & Mutations

You are slightly more attuned to the shadows.
You regenerate a little health from kills.


Message History

There is a stone staircase leading down here.
The adder bites you but does no damage. The gnoll hits you but does no damage.
The gnoll hits you from afar with a spear.
The adder bites you.
The gnoll hits you from afar with a spear.
* * * LOW HITPOINT WARNING * * *
You climb downwards.
Found an iron wand.
There is a stone staircase leading up here.
Drink which item? (? for menu, Esc to quit)
It was a potion of agility.
You feel agile all of a sudden. The gnoll hits you with a whip.
* * * LOW HITPOINT WARNING * * *
The adder bites you but does no damage.
Drink which item? (? for menu, Esc to quit)
It was a potion of flight.
You feel very buoyant.
You fly up into the air.
The adder misses you. The gnoll hits you with a whip.
You die...

### /..
#.# #.#
#.# #S#
#@#
.....g.#
########


You could see a gnoll and an adder.

Vanquished Creatures
  A gnoll (D:1)
  4 goblins
  4 hobgoblins
  8 jackals (D:1)
  2 kobolds
  6 bats (D:1)
  A giant newt (D:1)
  4 rats
30 creatures vanquished.

Notes
Turn   | Place    | Note
--------------------------------------------------------------
     0 | Abyss:1  | Gargoyl the Demonspawn Abyssal Knight began the quest for the Orb.
     0 | Abyss:1  | Reached XP level 1. HP: 18/18 MP: 2/2
    47 | Abyss:1  | Found a corrupted altar of Lugonu.
   134 | Abyss:1  | Noticed a small abomination
   158 | Abyss:1  | Noticed a large abomination
   205 | Abyss:1  | Noticed a jelly
   213 | Abyss:1  | Noticed an iron imp
   217 | Abyss:1  | Noticed a large abomination
   220 | Abyss:1  | Noticed an eye of draining
   276 | D:1      | Escaped the Abyss
   346 | D:1      | Gained mutation: You are slightly more attuned to the shadows. [demonic ancestry]
   346 | D:1      | Reached XP level 2. HP: 5/24 MP: 3/3
   728 | D:1      | Reached * piety under Lugonu
   863 | D:1      | Reached skill level 1 in Dodging
   907 | D:1      | Gained mutation: You regenerate a little health from kills. [demonic ancestry]
   907 | D:1      | Reached XP level 3. HP: 17/29 MP: 4/4
  1142 | D:1      | Found a glowing golden altar of the Shining One.
  1468 | D:3      | Slain by a gnoll

Skill      XL: |  1  2 |
---------------+-------+-----
Armour         | 2 |  2.4
Axes           | 2 |  2.3
Dodging        | 1 |  1.0
Fighting       | |  3.5
Stealth        | |  0.4
Invocations    | |  2.4

Action                   || total
-------------------------++-------
Melee: Hand axe          ||    68
Invok: Depart the Abyss  ||     1
  Use: Potion            ||     2
 Stab: Sleeping          ||     1
  Eat: Chunk             ||     2
Armor: Ring mail         ||    48
       Chain mail        ||     8
Dodge: Dodged            ||    80
